General information
- name: BNet
- type: Ladder 1vs1/FFA
- host: Battle.net
- saver: HopelessRomanti
map: Wetlands
- players: 2
- length: 21:29
- speed: Fast
- version: 1.21 W3XP
- replay type: Public
» download(73 KB)
Players
team 1 (loser)
Xeneox55 (
yellow | 47 APM | 1009 actions | 21:24)
4 Demon Hunter
2 Mana Burn
2 Evasion
3 Priestess of the Moon
2 Searing Arrows
1 Trueshot Aura
» actions
| Assign group hotkey | 35 | |
| Basic commands | 30 | |
| Build / train | 77 | |
| Enter build submenu | 26 | |
| Enter hero's abilities submenu | 7 | |
| Give item / drop item | 3 | |
| Right click | 422 | |
| Select / deselect | 313 | |
| Select group hotkey | 39 | |
| Use ability | 57 | |
1009 total
» units
| Wisp | 31 | |
| Archer | 7 | |
| Dryad | 4 | |
| Druid of the Talon | 8 | |
50 total
» upgrades
| Strength of the Wild | 2 | |
| Reinforced Hides | 1 | |
| Abolish Magic | 1 | |
| Druid of the Talon Training | 2 | |
| Well Spring | 1 | |
| Mark of the Talon | 1 | |
8 total
» buildings
| Altar of Elders | 1 | |
| Moon Well | 6 | |
| Ancient of War | 1 | |
| Hunter's Hall | 1 | |
| Tree of Ages | 1 | |
| Ancient of Wonders | 1 | |
| Tree of Life | 4 | |
| Ancient of Lore | 2 | |
| Ancient Protector | 4 | |
| Ancient of Wind | 2 | |
| Tree of Eternity | 1 | |
24 total
» build order
00:10 Altar of Elders
00:12 Moon Well
00:33 Ancient of War
01:53 Moon Well
02:58 Moon Well
03:54 Hunter's Hall
04:54 Tree of Ages
04:56 Ancient of Wonders
05:43 Tree of Life
07:12 Tree of Life
07:21 Ancient of Lore
07:28 Ancient of Lore
09:46 Ancient Protector
09:50 Ancient Protector
09:56 Ancient Protector
10:16 Tree of Life
11:28 Ancient of Wind
13:28 Tree of Eternity
13:40 Moon Well
13:43 Moon Well
15:04 Ancient of Wind
16:11 Tree of Life
16:19 Moon Well
17:50 Ancient Protector
» items
| Lesser Clarity Potion | 1 | |
| Moonstone | 1 | |
| Dust of Appearance | 1 | |
| Scroll of Town Portal | 1 | |
| Potion of Healing | 2 | |
| Orb of Venom | 1 | |
| Anti-magic Potion | 1 | |
8 total
team 2 (winner)
HopelessRomanti (
orange | 114 APM | 2440 actions | 21:29)
6 Death Knight
3 Death Coil
2 Unholy Aura
1 Animate Dead
5 Lich
3 Frost Nova
2 Dark Ritual
» actions
| Assign group hotkey | 30 | |
| Basic commands | 169 | |
| Build / train | 63 | |
| Enter build submenu | 17 | |
| Enter hero's abilities submenu | 11 | |
| Give item / drop item | 1 | |
| Right click | 1143 | |
| Select / deselect | 575 | |
| Select group hotkey | 358 | |
| Use ability | 72 | |
2440 total
» units
| Acolyte | 7 | |
| Ghoul | 10 | |
| Frost Wyrm | 6 | |
| Gargoyle | 8 | |
31 total
» upgrades
| Creature Carapace | 2 | |
| Freezing Breath | 1 | |
| Creature Attack | 2 | |
5 total
» buildings
| Crypt | 1 | |
| Altar of Darkness | 1 | |
| Ziggurat | 6 | |
| Tomb of Relics | 1 | |
| Graveyard | 1 | |
| Halls of the Dead | 1 | |
| Sacrificial Pit | 1 | |
| Black Citadel | 1 | |
| Boneyard | 2 | |
| Necropolis | 1 | |
16 total
» build order
00:06 Crypt
00:15 Altar of Darkness
00:33 Ziggurat
00:50 Tomb of Relics
01:30 Ziggurat
02:41 Graveyard
03:30 Halls of the Dead
03:49 Ziggurat
04:56 Ziggurat
05:52 Sacrificial Pit
05:53 Black Citadel
08:20 Boneyard
08:22 Boneyard
08:26 Ziggurat
14:30 Necropolis
16:15 Ziggurat
» items
| Rod of Necromancy | 2 | |
| Potion of Healing | 2 | |
| Scroll of Town Portal | 3 | |
| Orb of Corruption | 1 | |
| Scroll of Healing | 2 | |
| Scroll of Protection | 1 | |
| Potion of Lesser Invulnerability | 1 | |
12 total
Chat log
(00:28 / All) HopelessRomanti: /stats
(01:01 / All) HopelessRomanti: I love cock
(21:01 / All) Xeneox55: sigh
(21:05 / All) HopelessRomanti: scrub
(21:14 / All) Xeneox55: I don't even understand how your fucking lich survived
(21:20 / All) HopelessRomanti: scrub